 Dungeon Crawl Stone Soup version 0.25.1-2-g60ff931df9 (webtiles) character file.

Game seed: 1694678151183113824

52 DildoBatman the Magician (level 4, -1/30 HPs)
             Began as a Formicid Wizard on Aug 5, 2020.
             Slain by a dart slug (3 damage)
             ... on level 3 of the Dungeon.
             The game lasted 00:04:22 (2106 turns).

DildoBatman the Magician (Formicid Wizard)          Turns: 2106, Time: 00:04:22

Health: -1/30      AC:  3    Str: 12    XL:     4   Next: 8%
Magic:  8/8        EV: 12    Int: 18    God:
Gold:   156        SH:  0    Dex:  9    Spells: 2/9 levels left

rFire    . . .     SeeInvis +   h - +0 whip
rCold    . . .     Gourm    .   (no shield)
rNeg     . . .     Faith    .   a - +0 robe
rPois    .         Spirit   .   (helmet unavailable)
rElec    .         Reflect  .   g - +0 cloak
rCorr    .         Harm     .   (no gloves)
MR       .....                  (no boots)
Stlth    ++........             (no amulet)
HPRegen  0.10/turn              (no ring)
MPRegen  0.11/turn              (no ring)

@: no status effects
A: permanent stasis, dig shafts and tunnels, four strong arms, antennae 3
a: Dig, Shaft Self


You were on level 3 of the Dungeon.
You were hungry.

You visited 1 branch of the dungeon, and saw 3 of its levels.

You collected 156 gold pieces.

Inventory:

Hand Weapons
 h - a +0 whip (weapon)
Missiles
 d - 71 stones (quivered)
 e - 47 arrows
Armour
 a - a +0 robe (worn)
 g - a +0 cloak (worn)
Scrolls
 b - a scroll of blinking {unknown}
 c - 2 scrolls of fog {unknown}
 f - a scroll of magic mapping {unknown}
 i - 3 scrolls of teleportation {unknown}
 m - a scroll of amnesia {unknown}
Potions
 j - a potion of might {unknown}
 k - 2 potions of heal wounds {unknown}
Comestibles
 l - 2 chunks of flesh
 v - 3 rations


   Skills:
 - Level 1.7 Dodging
 - Level 2.4 Stealth
 - Level 3.2 Spellcasting
 * Level 3.2 Conjurations
   Level 1.0 Summonings
   Level 0.8 Translocations


You had 2 spell levels left.
You knew the following spells:

 Your Spells              Type           Power        Failure   Level  Hunger
a - Conjure Flame         Conj/Fire      #.......     24%         3    ###....
c - Magic Dart            Conj           ##..         4%          1    None
e - Mephitic Cloud        Conj/Pois/Air  #.......     30%         3    ###....

Your spell library contained the following spells:

 Spells                   Type           Power        Failure   Level  Hunger
 Call Imp                 Summ           #.......     16%         2    ##.....
 Slow                     Hex            #.......     24%         2    ##.....
 Blink                    Tloc           Unusable     N/A         2    N/A

Dungeon Overview and Level Annotations

Branches:
Dungeon (3/15)

Altars:
Cheibriados
Okawaru
The Shining One

Annotations:
D:1 exclusion: worm, Jessica
D:2 1 exclusion


Innate Abilities, Weirdness & Mutations

You cannot be hasted, slowed, berserked, paralysed or teleported.
You can dig through walls and to a lower floor.
Your four strong arms can wield two-handed weapons with a shield.
You have a pair of large antennae on your head. (SInv)


Message History

The quokka bites you. What are your orders? t - Shout!
Orders for allies: a - Attack new target. r - Retreat! s - Stop attacking. g - Guard the area. f - Follow me.
Anything else - Cancel.
You shout for attention!
The quokka closely misses you. The dart slug barely misses you.
What are your orders? t - Shout!
Orders for allies: a - Attack new target. r - Retreat! s - Stop attacking. g - Guard the area. f - Follow me.
Anything else - Cancel.
You shout for attention!
The quokka bites you but does no damage.
The dart slug bites you.
You die...

#.... ##### . # ..#####
.# .......###.#
...........#.#
......rw.....# #@# .#
#.# ##. #.##>..## ####
#.##.#... ..# ..
#.##.#.# #.#
....###......#####.#####
..............#.........
..#.###..#.#..#.##.#####
#...........##.#


You could see a dart slug and a quokka.

Vanquished Creatures
  2 adders
  A dart slug (D:1)
  2 leopard geckos
  3 giant cockroaches
  3 goblins
  6 hobgoblins
  A jackal (D:2)
  A quokka (D:2)
  4 bats (D:1)
  3 frilled lizards
  A kobold (D:1)
  3 rats (D:2)
30 creatures vanquished.

Notes
Turn   | Place    | Note
-------+----------+-------------------------------------------
     0 | D:1      | DildoBatman the Formicid Wizard began the quest for the
                  | Orb.
     0 | D:1      | Reached XP level 1. HP: 13/13 MP: 4/4
    56 | D:1      | Reached skill level 1 in Conjurations
   230 | D:1      | Reached XP level 2. HP: 16/19 MP: 1/6
  1027 | D:2      | Found an iron altar of Okawaru.
  1096 | D:2      | Reached XP level 3. HP: 24/24 MP: 3/7
  1101 | D:2      | Learned a level 3 spell: Conjure Flame
  1105 | D:2      | Learned a level 3 spell: Mephitic Cloud
  1146 | D:2      | Noticed Jessica
  1181 | D:2      | Found a faded altar of an unknown god.
  1237 | D:2      | Found a snail-covered altar of Cheibriados.
  1284 | D:2      | Found a glowing golden altar of the Shining One.
  1570 | D:2      | HP: 1/24 [hobgoblin (3)]
  2004 | D:3      | Reached XP level 4. HP: 30/30 MP: 0/8
  2106 | D:3      | Slain by a dart slug

Illustrated notes

Levels and vault maps discovered:
D:1:      wander_arrival_abandoned_jail, layout_loops_ring
D:2:      minmay_inner_zag, layout_rooms, overflow_temple_1_default,
          tso_metal_star, chequers_ecumenical_altar_island, okawaru_trees_2,
          uniq_jessica
D:3:      layout_loops_cross, lemuel_round_altar, first_ration

Skill      XL: |  1  2  3 |
---------------+----------+-----
Conjurations   | 1 2 3 |  3.2
Dodging        | |  1.7
Stealth        | |  2.4
Spellcasting   | |  3.2
Summonings     | |  1.0
Translocations | |  0.8

Action                   |  1- 3 |  4- 6 || total
-------------------------+-------+-------++-------
Melee: Unarmed           |     6 |       ||     6
       Whip              |    28 |       ||    28
Throw: Stone             |     4 |       ||     4
 Cast: Magic Dart        |    82 |     1 ||    83
       Mephitic Cloud    |     1 |       ||     1
 Abil: Dig               |     1 |       ||     1
  Eat: Ration            |     1 |       ||     1
Armor: Robe              |    13 |     3 ||    16
Dodge: Dodged            |    35 |    15 ||    50
